 Dungeon Crawl Stone Soup version 0.28.0-49-g6dfe1f597d (webtiles) character file.

Game seed: 4906669712842725545

1369 KittyFluff the Cudgeller (level 8, 0/75 HPs)
             Began as a Gargoyle Berserker on May 19, 2022.
             Was a Priest of Trog.
             Slain by a centaur (6 damage)
             ... on level 5 of the Dungeon.
             The game lasted 00:17:06 (4442 turns).

KittyFluff the Cudgeller (Gargoyle Berserker)       Turns: 4442, Time: 00:17:07

Health: 0/75       AC:  4    Str: 21    XL:     8   Next: 65%
Magic:  8/8        EV: 12    Int:  8    God:    Trog [***...]
Gold:   118        SH:  0    Dex: 11    Spells: 7/7 levels left

rFire   + . .      SeeInvis .   a - +0 mace
rCold   . . .      Faith    .   (no shield)
rNeg    + . .      Spirit   .   w - +2 leather armour {rF+}
rPois   ∞          Reflect  .   (no helmet)
rElec   +          Harm     .   (no cloak)
rCorr   .          Rampage  .   (no gloves)
Will    .....                   e - +0 pair of boots
Stlth   ..........              (no amulet)
HPRegen 0.22/turn               (no ring)
MPRegen 0.11/turn               (no ring)

@: berserking, corroded, very quick
A: sickness immunity, AC +5, negative energy resistance 1, electricity
resistance, torment resistance 1, petrification resistance
a: Renounce Religion, Berserk, Trog's Hand


You were on level 5 of the Dungeon.
You worshipped Trog.
Trog was most pleased with you.
You visited 1 branch of the dungeon, and saw 5 of its levels.

You collected 253 gold pieces.
You spent 135 gold pieces at shops.

Inventory:

Hand Weapons
 a - a +0 mace (weapon)
 b - a +0 hunting sling
 u - the +1 dagger of War {vorpal, rPois MP+9 Dex+2}
   (You found it on level 3 of the Dungeon)

   It inflicts extra damage upon your enemies.
   Dex:       It affects your dexterity (+2).
   rPois:     It protects you from poison.
   MP:        It affects your magic capacity (+9).
Missiles
 g - 44 sling bullets
 k - 39 stones (quivered)
 y - 4 javelins
Armour
 e - a +0 pair of boots (worn)
 f - a +0 ring mail
 o - a +0 scale mail
 w - a +2 leather armour of fire resistance (worn)
 A - the +3 leather armour of Imujuoj {Harm rPois}
   (You found it on level 5 of the Dungeon)

   rPois:     It protects you from poison.
   Harm:      It increases damage dealt and taken.
Magical Staves
 n - a staff of cold
 p - a staff of earth
Scrolls
 d - a scroll of fog
 i - a scroll of fear {unknown}
 j - a scroll of brand weapon {unknown}
 l - a scroll of identify {unknown}
 m - 2 scrolls of magic mapping
 q - a scroll of enchant weapon {unknown}
Potions
 c - 2 potions of haste {unknown}
 h - a potion of heal wounds {unknown}
 r - 5 potions of curing
 s - a potion of might {unknown}
 t - a potion of resistance {unknown}
 v - a potion of flight {unknown}
 x - 2 potions of mutation {unknown}
 z - a potion of attraction {unknown}


   Skills:
 + Level 5.4 Fighting
 + Level 7.1 Maces & Flails
 * Level 5.2 Armour
 + Level 3.7 Dodging
 + Level 2.0 Stealth
 * Level 2.3 Evocations


You had 7 spell levels left.
You didn't know any spells.
Your spell library was empty.

Dungeon Overview and Level Annotations

Branches:
Dungeon (5/15)
 Temple: D:4-7

Altars:
Cheibriados
Dithmenos
Fedhas
Gozag
Uskayaw
Wu Jian
Xom
Zin

Shops:
D:1 *


Innate Abilities, Weirdness & Mutations

You are immune to sickness and miasma.
Your stone body is resilient. (AC +5)
You are immune to poison.
You resist negative energy. (rN+)
You are resistant to electric shocks. (rElec)
You are resistant to unholy torment.
You are immune to petrification.


Message History

The hound bites you but does no damage. The jelly hits you but does no damage.
You sock the bullfrog skeleton!
You destroy the bullfrog skeleton!
Trog accepts your kill. The hound bites you but does no damage.
The jelly barely misses you. The hound bites you but does no damage.
You sock the hound!
You kill the hound!
Trog accepts your kill.
You hit the jelly but do no damage. The acid corrodes you!
Your hands burn!
The jelly hits you but does no damage. The centaur closely misses you.
The centaur kicks you.
You hit the jelly but do no damage. The acid corrodes you!
Your hands burn!
The jelly closely misses you. The centaur completely misses you.
The centaur kicks you but does no damage.
You hit the jelly but do no damage.
Your hands burn!
The centaur closely misses you.
The centaur kicks you but does no damage.
The jelly closely misses you.
The centaur hits you but does no damage.
The centaur kicks you.
* * * LOW HITPOINT WARNING * * *
The jelly hits you.
* * * LOW HITPOINT WARNING * * *
You are splashed with acid!
* * * LOW HITPOINT WARNING * * *
It was a potion of curing.
You feel better. The centaur hits you.
* * * LOW HITPOINT WARNING * * *
The centaur barely misses you. The jelly hits you but does no damage.
A red film seems to cover your vision as you go berserk!
You feel yourself moving faster!
You feel mighty! The centaur closely misses you.
The centaur barely misses you. x2
The centaur kicks you.
* * * LOW HITPOINT WARNING * * *
The jelly misses you.
You hit the jelly.
Your hands burn!
* * * LOW HITPOINT WARNING * * *
The jelly is moderately wounded.
The centaur hits you.
You die...

..........##. #...#
.Z.......##.# #.###
............ #.# h.....#
#..###†# ≈###
.....###......# ≈≈≈≈
............##
#≈≈##h..#.......#### ≈
#≈≈#cJ# ##.........###
≈≈#≈≈..@## ######..#....
≈≈≈≈≈....## ##.:#.###
≈###≈.....# ##.........
≈≈≈≈≈.....# #..♣.♣♣♣♣♣.
###.......# #..♣.......
##.....## #..♣.♣...♣.
#.......####..♣.♣._.♣.
#.............♣.♣...♣.
..........####..♣.......


You could see a centaur, a hound and a jelly.

Vanquished Creatures
  Grinder (D:3)
  Sigmund (D:2)
  Eustachio (D:4)
  A necrophage (D:3)
  An ice beast (D:4)
  A bullfrog (D:4)
  Blork the orc (D:4)
  A scorpion (D:5)
  2 water moccasin skeletons (D:4)
  A hound (D:5)
  A jelly (D:4)
  A bullfrog skeleton (D:5)
  An iguana (D:5)
  Natasha (thrice) (D:2)
  2 hound skeletons
  5 adders
  3 gnolls (D:4)
  2 worms (D:2)
  4 dart slugs
  An orc (D:4)
  3 ball pythons
  7 bats
  5 endoplasms
  7 giant cockroaches
  10 goblins
  9 hobgoblins
  13 jackals
  6 kobolds
  8 quokkas
  3 frilled lizards
  5 rats
110 creatures vanquished.

Vanquished Creatures (others)
  4 toadstools (D:1)
4 creatures vanquished.

Grand Total: 114 creatures vanquished

Notes
Turn   | Place    | Note
-------+----------+-------------------------------------------
     0 | D:1      | KittyFluff the Gargoyle Berserker began the quest for the
                  | Orb.
     0 | D:1      | Reached XP level 1. HP: 14/14 MP: 1/1
   313 | D:1      | Reached XP level 2. HP: 17/19 MP: 2/2
   469 | D:1      | Found Higgo's Assorted Antiques.
   535 | D:1      | Reached XP level 3. HP: 23/23 MP: 3/3
   626 | D:1      | Reached ** piety under Trog
  1272 | D:2      | Reached XP level 4. HP: 29/29 MP: 4/4
  1273 | D:2      | Noticed Sigmund
  1284 | D:2      | Killed Sigmund
  1285 | D:2      | Reached skill level 4 in Maces & Flails
  1285 | D:2      | Reached skill level 1 in Stealth
  1285 | D:2      | Reached XP level 5. HP: 24/33 MP: 5/5
  1529 | D:2      | Noticed Natasha
  1535 | D:2      | Killed Natasha
  1536 | D:2      | Reached XP level 6. HP: 38/38 MP: 6/6
  1551 | D:2      | Noticed Natasha
  1563 | D:2      | Killed Natasha
  1765 | D:2      | Noticed Natasha
  1774 | D:2      | Killed Natasha
  1961 | D:2      | Reached skill level 5 in Maces & Flails
  2281 | D:3      | Noticed Grinder
  2283 | D:3      | Paralysed by Grinder for 7 turns
  2302 | D:3      | Paralysed by Grinder for 2 turns
  2309 | D:3      | Killed Grinder
  2310 | D:3      | Reached XP level 7. HP: 10/44 MP: 7/7
  2573 | D:3      | Found a faded altar of an unknown god.
  2749 | D:3      | Found a blossoming altar of Fedhas.
  2754 | D:3      | Found a snail-covered altar of Cheibriados.
  2754 | D:3      | Found an ornate altar of the Wu Jian Council.
  2754 | D:3      | Found a shimmering altar of Xom.
  2757 | D:3      | Found an opulent altar of Gozag.
  2758 | D:3      | Found a shadowy altar of Dithmenos.
  2958 | D:3      | Reached *** piety under Trog
  2964 | D:3      | Identified the +1 dagger of War {vorpal, rPois MP+9 Dex+2}
  3125 | D:1      | Bought a dyed leather armour for 135 gold pieces
  3200 | D:4      | Noticed Eustachio
  3436 | D:4      | Reached skill level 6 in Maces & Flails
  3838 | D:4      | Noticed Blork the orc
  3863 | D:4      | Killed Blork the orc
  3864 | D:4      | Reached skill level 5 in Fighting
  3864 | D:4      | Reached skill level 1 in Evocations
  3867 | D:4      | Reached XP level 8. HP: 49/49 MP: 8/8
  4016 | D:4      | Killed Eustachio
  4142 | D:4      | Reached skill level 5 in Armour
  4225 | D:5      | Entered Level 5 of the Dungeon
  4240 | D:5      | Noticed a wraith
  4256 | D:5      | Found a glowing silver altar of Zin.
  4339 | D:5      | Reached skill level 7 in Maces & Flails
  4369 | D:5      | Found a hide-covered altar of Uskayaw.
  4385 | D:5      | Identified the +3 leather armour of Imujuoj {Harm rPois}
  4442 | D:5      | Slain by a centaur

Illustrated notes

Levels and vault maps discovered:
D:1:      ldierk_walled_garden_2, layout_loops_cross, serial_shops, shop
D:2:      minmay_chambers_of_twos, layout_basic, serial_park_tiny_1,
          uniq_sigmund, uniq_natasha
D:3:      layout_rooms, minitemple, shapermc_ecumenical_altar_venn,
          minmay_goblin_kobold_house, uniq_grinder
D:4:      layout_cave_pools, uniq_blork_the_orc, uniq_eustachio
D:5:      layout_rooms, mainiacjoe_overflow_cross_hatched,
          mainiacjoe_overflow_chevrons, minmay_crystal_water,
          minmay_diced_spiral

Skill      XL: |  1  2  3  4  5  6  7  8 |
---------------+-------------------------+-----
Fighting       | 4 5 |  5.4
Maces & Flails | 4 5 6 7 |  7.1
Armour         | 3 4 5 |  5.2
Dodging        | 2 3 |  3.7
Stealth        | 1 2 |  2.0
Evocations     | 1 2 |  2.3

Action                   |  1- 3 |  4- 6 |  7- 9 || total
-------------------------+-------+-------+-------++-------
Melee: Mace              |   106 |   115 |   216 ||   437
       Punch             |     1 |       |     3 ||     4
Invok: Berserk           |       |     3 |     3 ||     6
  Use: Scroll            |       |     1 |     1 ||     2
       Potion            |       |       |     1 ||     1
 Stab: Sleeping          |     1 |     1 |       ||     2
Armor: Animal skin       |    33 |       |       ||    33
       Robe              |     5 |    74 |    19 ||    98
       Leather armour    |       |       |   115 ||   115
Dodge: Dodged            |    72 |    99 |   197 ||   368
